 Dungeon Crawl Stone Soup version 0.29-a0-283-ga02f740833 (webtiles) character file.

Game seed: 11749416758548235078

246 pokeman the Magician (level 5, -2/29 HPs)
             Began as a Deep Elf Hedge Wizard on Mar 13, 2022.
             Slain by Pikel
             ... wielding a +1 whip of flaming
              (5 damage)
             ... on level 4 of the Dungeon.
             The game lasted 00:09:21 (4736 turns).

pokeman the Magician (Deep Elf Hedge Wizard)        Turns: 4736, Time: 00:09:21

Health: -2/29      AC:  4    Str:  7    XL:     5   Next: 84%
Magic:  8/16       EV: 12    Int: 21    God:
Gold:   205        SH:  0    Dex: 14    Spells: 1/17 levels left

rFire   . . .      SeeInvis .   j - +0 dagger (venom)
rCold   . . .      Faith    .   (no shield)
rNeg    . . .      Spirit   .   k - +0 leather armour
rPois   .          Reflect  .   c - +0 hat
rElec   .          Harm     .   (no cloak)
rCorr   .          Rampage  .   u - +0 pair of gloves
Will    .....                   (no boots)
Stlth   ++........              o - amulet of the acrobat
HPRegen 0.09/turn               f - +4 ring of slaying
MPRegen 0.15/turn               (no ring)

@: on blink cooldown, very slightly contaminated
A: no striking features
a: no special abilities


You were on level 4 of the Dungeon.
You visited 1 branch of the dungeon, and saw 4 of its levels.

You collected 205 gold pieces.

Inventory:

Hand Weapons
 j - a +0 dagger of venom (weapon)
 r - a +0 hunting sling of freezing
Missiles
 i - 2 throwing nets
Armour
 c - a +0 hat (worn)
 e - an orb of mayhem
 k - a +0 leather armour (worn)
 u - a +0 pair of gloves (worn)
Magical Staves
 t - a staff of death
Jewellery
 f - a +4 ring of slaying (left hand)
 o - an amulet of the acrobat (around neck)
Scrolls
 a - 7 scrolls of identify {unknown}
 b - a scroll of vulnerability {unknown}
 g - 3 scrolls of immolation
 h - a scroll of teleportation {unknown}
 m - a scroll of fog {unknown}
 v - a scroll of acquirement {unknown}
 w - a scroll of enchant armour {unknown}
Potions
 d - 2 potions of magic
 l - a potion of berserk rage {unknown}
 n - a potion of curing {unknown}
 p - a potion of haste {unknown}
 q - 2 potions of resistance {unknown}
 s - a potion of lignification {unknown}


   Skills:
 - Level 1.0 Fighting
 - Level 1.0 Armour
 - Level 3.0 Dodging
 - Level 3.0 Stealth
 - Level 1.0 Shields
 * Level 6.5 Spellcasting
 + Level 3.0 Conjurations
 - Level 1.1 Summonings
 + Level 0.0 Necromancy
 - Level 1.1 Translocations
 - Level 1.1 Fire Magic
 + Level 0.0 Evocations


You had one spell level left.
You knew the following spells:

 Your Spells              Type           Power      Damage    Failure   Level
a - Magic Dart            Conj           76%        1d6       4%          1
b - Mephitic Cloud        Conj/Pois/Air  11%        N/A       26%         3
c - Call Imp              Summ           11%        N/A       13%         2
d - Blink                 Tloc           22%        N/A       13%         2
e - Conjure Flame         Conj/Fire      15%        6-21      17%         3
f - Freezing Cloud        Conj/Ice/Air   5%         6-21      94%         5

Your spell library contained the following spells:

 Spells                   Type           Power      Damage    Failure   Level
 Apportation              Tloc           22%        N/A       9%          1
 Summon Small Mammal      Summ           44%        N/A       9%          1
 Animate Skeleton         Necr           12%        N/A       14%         1
 Beastly Appendage        Tmut           12%        N/A       14%         1
 Slow                     Hex            24%        N/A       14%         1
 Wereblood                Tmut           6%         N/A       21%         2
 Ignite Poison            Fire/Tmut/Pois 8%         N/A       34%         3
 Spider Form              Tmut/Pois      6%         N/A       38%         3
 Manifold Assault         Tloc           11%        N/A       94%         5
 Storm Form               Tmut/Air       3%         N/A       100%        7


Dungeon Overview and Level Annotations

Branches:
Dungeon (4/15)
 Temple: D:4-7

Altars:
Ashenzari

Annotations:
D:4 Pikel


Message History

Casting: Mephitic Cloud (quite dangerous; 26% risk of failure)
Confirm with . or Enter, or press ? or * to list all spells.
You blink.
Pikel completely misses you. Pikel completely misses you.
You see here a +0 falchion.
Pikel attacks as you move away!
Pikel hits you with a +1 whip of flaming.
Pikel burns you.
Things that are here:
a +0 mace; a +0 club; a giant cockroach corpse You feel stable enough to blink again.
Pikel attacks as you move away! Pikel closely misses you.
Casting: Blink (safe; 13% risk of failure)
Confirm with . or Enter, or press ? or * to list all spells.
A beastly little devil appears in a puff of flame.
Pikel hits you with a +1 whip of flaming.
Pikel burns you.
Your crimson imp hits Pikel but does no damage.
Casting: Call Imp (safe; 13% risk of failure)
Confirm with . or Enter, or press ? or * to list all spells.
You miscast Blink.
You are very lightly contaminated with residual magic.
Nothing appears to happen.
Your crimson imp blinks!
Pikel hits you with a +1 whip of flaming!
* * * LOW HITPOINT WARNING * * *
Pikel burns you.
* * * LOW HITPOINT WARNING * * *
Casting: Blink (safe; 13% risk of failure)
Confirm with . or Enter, or press ? or * to list all spells.
You miscast Blink.
Nothing appears to happen.
Pikel hits you with a +1 whip of flaming.
* * * LOW HITPOINT WARNING * * *
Pikel burns you.
* * * LOW HITPOINT WARNING * * *
Casting: Blink (safe; 13% risk of failure)
Confirm with . or Enter, or press ? or * to list all spells.
You blink.
Pikel hits you with a +1 whip of flaming.
You die...

#.##.# ### ### #.##.# #..
#.... #.##.# ########..
#....# #.##.# #.........
#....# #.##.# #.........
###....###.##.####.........
............))......)......
###....#.#.##.#.##.........
#.....<#.#@##).............
#........#K##..............
#.###....###§##............##
#.............#.#).........#
####....######.#..........#
#......#....##.#..........##
#.####.#.##.##.#...###.##...
. #.<#.#.# #.#.....†.....#
#.##.#.# #.###..##.#...#


You could see Pikel.

Vanquished Creatures
  4 lemures (D:4)
  A scorpion (D:4)
  2 adders
  7 gnolls (D:2)
  A worm (D:3)
  3 dart slugs
  5 orcs (D:4)
  8 ball pythons
  7 bats
  4 endoplasms
  5 giant cockroaches
  8 goblins
  6 hobgoblins
  4 jackals
  8 kobolds
  3 quokkas
  5 frilled lizards
  5 rats
86 creatures vanquished.

Notes
Turn   | Place    | Note
-------+----------+-------------------------------------------
     0 | D:1      | pokeman the Deep Elf Hedge Wizard began the quest for the
                  | Orb.
     0 | D:1      | Reached XP level 1. HP: 10/10 MP: 7/7
   105 | D:1      | Found a faded altar of an unknown god.
   354 | D:1      | Reached XP level 2. HP: 15/15 MP: 7/9
   615 | D:1      | Reached skill level 5 in Spellcasting
   764 | D:1      | Reached XP level 3. HP: 19/20 MP: 6/11
   768 | D:1      | Learned a level 3 spell: Mephitic Cloud
   771 | D:1      | Learned a level 2 spell: Call Imp
   774 | D:1      | Learned a level 2 spell: Blink
   778 | D:1      | Learned a level 3 spell: Conjure Flame
  1674 | D:2      | Reached skill level 1 in Armour
  1676 | D:2      | Reached skill level 1 in Fighting
  1689 | D:2      | Reached XP level 4. HP: 7/25 MP: 4/13
  3078 | D:3      | Reached XP level 5. HP: 26/29 MP: 10/15
  3330 | D:3      | Reached skill level 1 in Shields
  3330 | D:3      | Reached skill level 6 in Spellcasting
  3956 | D:3      | Learned a level 5 spell: Freezing Cloud
  4128 | D:3      | Found a broken altar of Ashenzari.
  4406 | D:4      | Reached skill level 1 in Fire Magic
  4601 | D:4      | Noticed a lemure
  4601 | D:4      | Noticed a lemure
  4601 | D:4      | Noticed a lemure
  4602 | D:4      | Noticed a lemure
  4602 | D:4      | Noticed Pikel
  4614 | D:4      | Killed a lemure
  4615 | D:4      | Killed a lemure
  4620 | D:4      | Killed a lemure
  4655 | D:4      | Killed a lemure
  4736 | D:4      | Slain by Pikel

Illustrated notes

Levels and vault maps discovered:
D:1:      wheals_arrival_linesprint, layout_basic,
          hellmonk_ecumenical_altar_blasted
D:2:      layout_loops_ring
D:3:      layout_loops_corners, lemuel_round_altar,
          minmay_fractal_squares_gapless_5
D:4:      minmay_clustersquares, layout_basic, nicolae_overflow_hidden_temple,
          dk_noncrumbling_3, nzn_random_ring, uniq_natasha, uniq_pikel

Skill      XL: |  1  2  3  4  5 |
---------------+----------------+-----
Spellcasting   | 5 6 |  6.5
Armour         | 1 |  1.0
Fighting       | 1 |  1.0
Conjurations   | 2 3 |  3.0
Dodging        | 3 |  3.0
Shields        | 1 |  1.0
Stealth        | 3 |  3.0
Fire Magic     | 1 |  1.1
Summonings     | |  1.1
Translocations | |  1.1

Action                   |  1- 3 |  4- 6 || total
-------------------------+-------+-------++-------
Melee: Dagger            |    26 |    35 ||    61
       Punch             |     1 |       ||     1
 Cast: Magic Dart        |    62 |    92 ||   154
       Mephitic Cloud    |     3 |     8 ||    11
       Blink             |       |     3 ||     3
       Call Imp          |       |     2 ||     2
       Conjure Flame     |       |     2 ||     2
 Stab: Confused          |     2 |     3 ||     5
Armor: Robe              |     6 |       ||     6
       Leather armour    |     2 |     6 ||     8
Dodge: Dodged            |    31 |    38 ||    69

Table legend: (Time is in decaauts)
 A = Elapsed time spent in this place.
 B = Non-inter-level travel time spent in this place.
 C = Inter-level travel time spent in this place.
 D = Time resting spent in this place.
 E = Time spent auto-exploring this place.
 F = Levels seen in this place.
 G = Mean time per level.
                   A        B        C        D        E       F      G
               +--------+--------+--------+--------+--------+-----+--------+
         Total |   4736 |   4597 |    139 |    169 |   3826 |   4 | 1184.0 |
       Dungeon |   4736 |   4597 |    139 |    169 |   3826 |   4 | 1184.0 |
               +--------+--------+--------+--------+--------+-----+--------+

Top non-repeatable levels by time:
     D:1: 1994 daAuts
     D:3: 1284 daAuts
     D:2: 958 daAuts
     D:4: 498 daAuts
